 Dungeon Crawl Stone Soup version 0.32-a0-900-g30fb1b0 (webtiles) character file.

Game seed: 12292995975682893040

4 Dorkslayer the Trooper (level 1, -1/24 HPs)
             Began as an Octopode Fighter on Apr 5, 2024.
             Succumbed to an adder's poison
             ... on level 2 of the Dungeon.
             The game lasted 00:00:45 (420 turns).

Dorkslayer the Trooper (Octopode Fighter)            Turns: 420, Time: 00:00:46

Health: -1/24      AC: 20    Str: 15    XL:     1   Next: 70%
Magic:  1/1        EV:  2    Int: 10    God:
Gold:   25         SH:  4    Dex: 11    Spells: 0/0 levels left

rFire   . . .        a - +0 war axe
rCold   . . .        b - +0 buckler
rNeg    . . .        (helmet currently unavailable)
rPois   +            (no amulet)
rElec   .            (no ring)
rCorr   .            (no ring)
SInv    .            (no ring)
Will    .....        (no ring)
Stlth   +            (no ring)
HPRegen 0.24/turn    (no ring)
MPRegen 0.07/turn    (no ring)
                     (no ring)

%: no passive effects
@: lethally poisoned (-1 -> -11), tree-form
A: stationary, stasis, torment immunity, boosted hp, almost no armour,
(amphibious), 8 rings, (camouflage 1), (gelatinous body 1), (nimble swimmer 1),
(tentacles)
a: no special abilities


You were on level 2 of the Dungeon.
You were a tree.
You visited 1 branch of the dungeon, and saw 2 of its levels.

You collected 25 gold pieces.

Inventory:

Hand Weapons
 a - a +0 war axe (weapon)
Armour
 b - a +0 buckler (worn)
Scrolls
 d - 3 scrolls of identify {unknown}
 f - a scroll of poison {unknown}
 g - a scroll of fear {unknown}
 h - a scroll of enchant armour {unknown}
Potions
 c - a potion of might
 e - a potion of lignification


   Skills:
 + Level 3.1 Fighting
 + Level 2.0 Axes
 + Level 3.0 Dodging
 + Level 3.0 Shields


You couldn't memorise any spells.
You didn't know any spells.
Your spell library was empty.

Dungeon Overview and Level Annotations

Branches:
Dungeon (1/15)

Altars:


Innate Abilities, Weirdness & Mutations

You are a tree.
Your roots penetrate the ground, keeping you stationary.
You cannot be teleported.
You are immune to unholy pain and torment.
Your maximum health is greatly increased.
You cannot wear most types of armour.
((You are amphibious.))
You can wear up to eight rings at the same time.
((Your skin changes colour to match your surroundings (Stealth+).))
((Your rubbery body absorbs attacks. (AC +1, EV +1)))
((You are camouflaged when in or above water. (Stealth+)))
((You have tentacles for arms and can constrict up to eight enemies at once.))


Message History

The shaft crumbles and collapses.
Found a stone staircase leading down.
You now have 25 gold pieces (gained 9).
A giant cockroach zombie comes into view.
Found a leather armour.
A giant cockroach zombie is nearby!
An adder comes into view.
Found 9 gold pieces.
Found a fizzy inky potion.
e - 2 fizzy inky potions (gained 1)
You slash the giant cockroach zombie! You grab the giant cockroach zombie.
You squeeze the giant cockroach zombie.
You destroy the giant cockroach zombie!
A bat and a jackal come into view.
The helpless adder fails to defend itself.
You slash the adder! Your grab misses the adder.
The adder is heavily wounded.
The adder bites you.
You are poisoned.
The adder poisons you! The adder bites you.
You are more poisoned.
The adder poisons you!
You hit the adder but do no damage. Your grab misses the adder.
The adder is heavily wounded.
You feel very sick. You block the adder's attack. The adder bites you.
* * * LOW HITPOINT WARNING * * *
You are more poisoned.
The adder poisons you!
It was a potion of lignification.
You turn into a tree.
Your roots penetrate the ground.
* * * LOW HITPOINT WARNING * * *
You feel very sick.
The jackal barks!
The adder bites you but does no damage.
A jackal comes into view.
The jackal barks!
You hit the adder but do no damage.
The adder is heavily wounded.
You die...

### #.#########
#.........# ####
#.#######.# ...# #.#
####.# ##.#
##.####....#
#.#######...P≈..####.#
#.#........~~~~......#
#.#.######..~~~♣######
#.#.#####..~~~~[S......
#.#.#...§§§~~~~.b..h...
#.#.#..P.§§.$≈........h
#.#.#..ß.§#######......
#.#.#...§§# ......
#.#..§§P.§ ......
#.##.##.#.# .####.
#.......#


You could see an adder, 2 jackals and a bat.

Vanquished Creatures
  An endoplasm (D:1)
  A giant cockroach (D:1)
  A frilled lizard (D:1)
  A giant cockroach zombie (D:2)
  A kobold (D:1)
5 creatures vanquished.

Notes
Turn   | Place    | Note
-------+----------+-------------------------------------------
     0 | D:1      | Dorkslayer the Octopode Fighter began the quest for the
                  | Orb.
     0 | D:1      | Reached XP level 1. HP: 16/16 MP: 1/1
   166 | D:1      | Found a faded altar of an unknown god.
   356 | D:1      | You fall into a shaft and drop 1 floor!
   420 | D:2      | Succumbed to an adder's poison

Illustrated notes

Levels and vault maps discovered:
D:1:      hellmonk_arrival_library, layout_loops_ring,
          hellmonk_ecumenical_altar_crossroads
D:2:      layout_basic, serial_undead, serial_undead_e, serial_undead_c,
          serial_undead_f, serial_undead_e, uniq_jessica, uniq_sigmund,
          uniq_terence, uniq_natasha

Action                     || total
---------------------------++-------
  Melee: War axe           ||     8
         Constrict         ||     3
         Tentacles         ||     2
    Use: Potion            ||     1
   Stab: Sleeping          ||     3
 Armour: Skin              ||     4
  Block: Buckler           ||     1

Table legend: (Time is in decaauts)
 A = Elapsed time spent in this place.
 B = Non-inter-level travel time spent in this place.
 C = Inter-level travel time spent in this place.
 D = Time resting spent in this place.
 E = Time spent auto-exploring this place.
 F = Levels seen in this place.
 G = Mean time per level.
                   A        B        C        D        E       F      G
               +--------+--------+--------+--------+--------+-----+--------+
         Total |    423 |    423 |      0 |      0 |    273 |   2 |  211.5 |
       Dungeon |    423 |    423 |      0 |      0 |    273 |   2 |  211.5 |
               +--------+--------+--------+--------+--------+-----+--------+

Top non-repeatable levels by time:
     D:1: 357 daAuts
     D:2: 65 daAuts
